 Dungeon Crawl Stone Soup version 0.27-a0-1529-g1e82c303ef (webtiles) character file.

Game seed: 6613066991219472872

58 dickylongcocking the Magician (level 4, -6/31 HPs)
             Began as a Djinni Fire Elementalist on July 12, 2021.
             Mangled by Crazy Yiuf (12 damage)
             ... on level 2 of the Dungeon.
             The game lasted 00:01:52 (3077 turns).

dickylongcocking the Magician (DjFE)                Turns: 3077, Time: 00:01:52

Health: -6/31      AC:  3    Str:  7    XL:     4   Next: 20%
Gold:   95         EV: 12    Int: 17    God:
                   SH:  0    Dex: 14

rFire    + + .     SeeInvis .   m - +0 short sword (venom)
rCold    x . .     Faith    .   (no shield)
rNeg     . . .     Spirit   .   a - +0 robe
rPois    ∞         Reflect  .   (no helmet)
rElec    .         Harm     .   (no cloak)
rCorr    .         Rampage  .   o - +0 pair of gloves
Will     .....                  (boots unavailable)
Stlth    ++........             (no amulet)
HPRegen  0.10/turn              (no ring)
MPRegen  0.00/turn              (no ring)

@: flying
A: sickness immunity, fire resistance 2, cold vulnerability 1, float, innate
caster, hp casting, extra vitality 1
a: no special abilities


You were on level 2 of the Dungeon.
You visited 1 branch of the dungeon, and saw 2 of its levels.

You collected 95 gold pieces.

Inventory:

Hand Weapons
 d - a +0 club
 g - a +0 spear
 k - a +1 dagger of draining
 m - a +0 short sword of venom (weapon)
Armour
 a - a +0 robe (worn)
 o - a +0 pair of gloves (worn)
Scrolls
 b - 2 scrolls of amnesia {unknown}
 c - a scroll of enchant armour {unknown}
 f - a scroll of fear {unknown}
 h - a scroll of torment {unknown}
 i - a scroll of noise {unknown}
 j - 2 scrolls of teleportation {unknown}
 n - a scroll of identify {unknown}
Potions
 e - a potion of haste {unknown}
 l - a potion of might {unknown}


   Skills:
 * Level 0.5 Fighting
 - Level 0.4 Polearms
 - Level 2.4 Dodging
 - Level 1.7 Stealth
 * Level 3.4 Spellcasting


You couldn't memorise any spells.
You knew the following spells:

 Your Spells              Type           Power      Damage    Failure   Level
a - Foxfire               Conj/Fire      56%        2x1d6     4%          1
b - Conjure Flame         Conj/Fire      14%        6-21      12%         3
c - Inner Flame           Hex/Fire       14%        N/A       12%         3
d - Sticky Flame          Conj/Fire      14%        2d4       38%         4
e - Fireball              Conj/Fire      7%         3d5       75%         5
f - Animate Skeleton      Necr           28%        N/A       4%          1
Your spell library was empty.

Dungeon Overview and Level Annotations

Branches:
Dungeon (2/15)

Altars:

Annotations:
D:2 Crazy Yiuf


Innate Abilities, Weirdness & Mutations

You are immune to sickness and miasma.
You are immune to poison.
Your flesh is very heat resistant. (rF++)
You are vulnerable to cold. (rC-)
You float through the air rather than walking.
You learn spells naturally, not from books.
Your magical power is your life essence.
You have superior vitality. (+4 HP)


Message History

The foxfire hits Crazy Yiuf.
Crazy Yiuf is moderately wounded.
Casting: Foxfire (safe; 4% risk of failure)
Confirm with . or Enter, or press ? or * to list all spells.
You conjure some foxfire!
Unknown command.
Unknown command.
Your foxfire dissipates!
Casting: Foxfire (safe; 4% risk of failure)
Confirm with . or Enter, or press ? or * to list all spells.
You conjure some foxfire!
Unknown command.
Unknown command.
Casting: Foxfire (safe; 4% risk of failure)
Confirm with . or Enter, or press ? or * to list all spells.
You conjure some foxfire!
The foxfire hits Crazy Yiuf.
Crazy Yiuf is moderately wounded.
Your foxfire dissipates!
Unknown command.
Unknown command.
Your foxfire dissipates!
Crazy Yiuf yells, "Mountain!"
Okay, then.
Casting: Foxfire (safe; 4% risk of failure)
Confirm with . or Enter, or press ? or * to list all spells.
You conjure some foxfire!
Crazy Yiuf barely misses you.
Unknown command.
Unknown command.
The foxfire hits Crazy Yiuf but does no damage.
Crazy Yiuf is moderately wounded.
The foxfire hits Crazy Yiuf.
Crazy Yiuf is heavily wounded.
Casting: Foxfire (safe; 4% risk of failure)
Confirm with . or Enter, or press ? or * to list all spells.
You conjure some foxfire!
Crazy Yiuf hits you with a +4 quarterstaff of chaos!
Ouch! That really hurt!
* * * LOW HITPOINT WARNING * * *
You are electrocuted!
You die...

#<.......#
#########.#####
#.............#
###+#.....#.###.#
#.....###.#.# #.#
####.....# #.#.###.# ###
#........###.#.....# #..
#.##..v....#.[.#######..
#.##..v@##.###.# #.....
#.###.g§##.# #.# #.....
#......§##.# #.####.....
####.###...# #..........
#.# #.#########......
#.# #.#.........>....
####.###.#.#######..##.#
#........#..........##.#
#.#########......#..##.#


You could see Crazy Yiuf (ally target).

Vanquished Creatures
  A worm (D:2)
  3 dart slugs (D:1)
  3 endoplasms
  3 giant cockroaches
  4 goblins (D:1)
  3 hobgoblins (D:1)
  2 jackals (D:2)
  4 quokkas
  6 ball pythons
  A bat (D:1)
  7 frilled lizards
  6 kobolds
  2 rats
45 creatures vanquished.

Vanquished Creatures (others)
  119 foxfires
119 creatures vanquished.

Grand Total: 164 creatures vanquished

Notes
Turn   | Place    | Note
-------+----------+-------------------------------------------
     0 | D:1      | dickylongcocking the Djinni Fire Elementalist began the
                  | quest for the Orb.
     0 | D:1      | Reached XP level 1. HP: 15/15 MP: 0/0
   287 | D:1      | Reached XP level 2. HP: 11/21 MP: 0/0
   664 | D:1      | Reached skill level 3 in Spellcasting
   976 | D:1      | Reached XP level 3. HP: 23/25 MP: 0/0
   976 | D:1      | Learned a level 1 spell: Animate Skeleton
  1153 | D:1      | Found a faded altar of an unknown god.
  2075 | D:2      | HP: 1/25 [frozen (7)]
  2398 | D:2      | Reached XP level 4. HP: 28/31 MP: 0/0
  2851 | D:2      | Found a runed translucent door.
  2852 | D:2      | Noticed Crazy Yiuf
  3077 | D:2      | Mangled by Crazy Yiuf

Illustrated notes

Levels and vault maps discovered:
D:1:      dpeg_arrival_refuge, layout_rooms,
          shapermc_ecumenical_altar_notcrosses, minmay_octomino_c4
D:2:      wander_river, layout_basic, uniq_crazy_yiuf_cottage

Skill      XL: |  1  2 |
---------------+-------+-----
Spellcasting   | 3 |  3.4
Fighting       | |  0.5
Polearms       | |  0.4
Dodging        | |  2.4
Stealth        | |  1.7

Action                   |  1- 3 |  4- 6 || total
-------------------------+-------+-------++-------
Melee: Club              |     3 |       ||     3
       Short sword       |    23 |    23 ||    46
       Spear             |     8 |       ||     8
       Dagger            |     2 |       ||     2
 Cast: Foxfire           |    72 |     9 ||    81
       Conjure Flame     |       |     1 ||     1
 Stab: Sleeping          |     2 |       ||     2
Armor: Robe              |     7 |    11 ||    18
Dodge: Dodged            |    29 |    24 ||    53

Table legend: (Time is in decaauts)
 A = Elapsed time spent in this place.
 B = Non-inter-level travel time spent in this place.
 C = Inter-level travel time spent in this place.
 D = Time resting spent in this place.
 E = Time spent auto-exploring this place.
 F = Levels seen in this place.
 G = Mean time per level.
                   A        B        C        D        E       F      G
               +--------+--------+--------+--------+--------+-----+--------+
         Total |   3081 |   3034 |     47 |    281 |   2422 |   2 | 1540.5 |
       Dungeon |   3081 |   3034 |     47 |    281 |   2422 |   2 | 1540.5 |
               +--------+--------+--------+--------+--------+-----+--------+

Top non-repeatable levels by time:
     D:1: 1815 daAuts
     D:2: 1265 daAuts
